AoeStats
← fat_dgk

Oasis

508156347Analyzed
4v4 RM · 11d ago on Sep 21, 2026· 58m 19s· 8 players
Game mode
Random Map
Map size
Large (8 player)
Population
200
Speed
Normal
Resources
Standard
Victory
Conquest
Starting age
Dark Age
Ending age
Imperial Age
RankedLock teamsTeams togetherTeam positionsShared explorationLock speedFull tech treeHidden civsTurbo modeCheats
Victory
Defeat
🇪🇨 Spanish · Ecuador
1311
+9
🇪🇨 Slavs · Ecuador
1179
+14
🇪🇨 Persians · Ecuador
1131
+16
🇪🇨 Saracens · Ecuador
1080
+19
🇨🇱 Bohemians · Chile
1174
-16
🇹🇼 Franks · Taiwan
1150
-15
🇨🇳 Tatars · China
1121
-14
🇦🇺 Maya · Australia
1095
-13
Oscar_Lee
11:44 Feudal Age
15:48 Castle Age
14:24 Double-Bit Axe
14:31 Gold Mining
14:48 Scale Barding Armor
17:50 Bow Saw
17:39 Loom
23:29 Forging
24:16 Husbandry
25:25 Chain Barding Armor
28:36 Iron Casting
33:27 Gold Shaft Mining
32:43 Stone Mining
35:08 Wheelbarrow
34:23 Town Watch
39:34 Imperial Age
37:20 Hand Cart
38:05 Light Cavalry
39:45 Cavalier
40:24 Pikeman
41:04 Squires
40:50 Arson
42:30 Plate Barding Armor
42:56 Blast Furnace
42:36 Paladin
46:58 Conscription
48:41 Scale Mail Armor
48:05 Pikeman
48:45 Squires
49:22 Halberdier
54:42 Chain Mail Armor
fat_dgk
6:38 Loom
9:25 Feudal Age
12:03 Fletching
19:20 Wheelbarrow
23:34 Castle Age
24:33 Bodkin Arrow
25:57 Fervor
26:16 Crossbowman
31:37 Hand Cart
34:10 Chemistry
39:11 Imperial Age
41:36 Ballistics
41:27 Masonry
43:13 Siege Engineers
44:06 Arbalester
44:43 Elite Skirmisher
45:39 Houfnice
51:54 Pikeman
52:34 Squires
55:27 Scale Mail Armor
55:38 Forging
55:28 Bracer
55:29 Padded Archer Armor
islesofurth
0:37 Loom
11:18 Feudal Age
13:25 Fletching
13:46 Double-Bit Axe
17:46 Scale Mail Armor
18:52 Padded Archer Armor
25:52 Horse Collar
30:36 Castle Age
32:43 Bow Saw
33:28 Gold Mining
36:04 Bodkin Arrow
39:32 Ballistics
40:11 Leather Archer Armor
42:55 Heavy Plow
47:22 Imperial Age
48:21 Bracer
49:30 Wheelbarrow
50:34 Chemistry
49:13 Pikeman
49:56 Squires
50:32 Ring Archer Armor
51:32 Chain Mail Armor
52:18 Forging
54:20 Conscription
54:35 Plate Mail Armor
54:41 Iron Casting
54:58 Hand Cart
梦庄周
6:38 Loom
10:16 Loom
12:01 Feudal Age
15:40 Castle Age
13:43 Double-Bit Axe
14:05 Horse Collar
17:27 Bow Saw
18:37 Loom
21:22 Town Watch
23:31 Wheelbarrow
22:58 Heavy Plow
23:56 Stone Mining
23:57 Gold Mining
25:32 Hand Cart
26:48 Gold Shaft Mining
32:49 Imperial Age
31:17 Bloodlines
31:08 Husbandry
31:51 Scale Barding Armor
31:58 Forging
32:19 Fletching
32:30 Padded Archer Armor
33:38 Chain Barding Armor
33:25 Silk Armor
33:04 Elite Steppe Lancer
34:02 Bodkin Arrow
34:33 Ballistics
35:14 Chemistry
34:57 Coinage
35:06 Murder Holes
36:02 Bracer
36:38 Plate Barding Armor
36:16 Fortified Wall
35:49 Treadmill Crane
38:34 Iron Casting
38:23 Town Patrol
39:28 Banking
39:09 Guilds
40:28 Blast Furnace
41:54 Crop Rotation
45:04 Caravan
44:39 Heavy Cavalry Archer
51:24 Conscription
GIORK
6:20 Loom
9:05 Feudal Age
9:34 Double-Bit Axe
14:27 Horse Collar
16:21 Forging
16:16 Gold Mining
17:48 Scale Barding Armor
22:03 Castle Age
21:06 Bloodlines
21:39 Wheelbarrow
22:47 Bow Saw
22:39 Heavy Plow
23:16 Gold Shaft Mining
22:45 Husbandry
25:28 Hand Cart
26:17 Iron Casting
25:49 Light Cavalry
28:08 Chain Barding Armor
38:10 Town Watch
38:58 Town Patrol
41:53 Imperial Age
43:34 Blast Furnace
42:03 Cavalier
42:04 Hussar
43:46 Plate Barding Armor
43:06 Heavy Camel Rider
44:32 Scale Mail Armor
43:55 Savar
45:47 Ballistics
46:33 Chemistry
47:23 Chain Mail Armor
47:10 Stone Mining
48:37 Plate Mail Armor
49:04 Caravan
53:20 Kamandaran
53:21 Fletching
54:42 Ballistics
54:54 Bodkin Arrow
55:05 Crossbowman
55:47 Padded Archer Armor
56:29 Thumb Ring
58:44 Coinage
Xhiver
2:13 Loom
9:41 Loom
12:03 Feudal Age
17:02 Castle Age
16:41 Double-Bit Axe
17:12 Horse Collar
22:24 Gold Mining
23:10 Heavy Plow
23:35 Bow Saw
24:49 Wheelbarrow
28:10 Padded Archer Armor
29:44 Hand Cart
30:56 Leather Archer Armor
30:32 Fletching
34:26 Imperial Age
33:39 Bodkin Arrow
33:57 Forging
34:16 Stone Mining
34:30 Elite Conquistador
35:41 Ring Archer Armor
36:28 Stone Shaft Mining
36:55 Two-Man Saw
36:14 Caravan
36:43 Conscription
36:48 Guilds
36:43 Herbal Medicine
38:06 Bracer
37:54 Town Watch
39:10 Supremacy
40:20 Chemistry
42:17 Hoardings
42:06 Masonry
42:18 Ballistics
42:02 Scale Mail Armor
50:10 Capped Ram
51:58 Bombard Tower
52:09 Architecture
51:35 Murder Holes
51:15 Siege Ram
Rey_Mono86
6:54 Loom
10:20 Feudal Age
10:52 Double-Bit Axe
14:27 Horse Collar
16:09 Scale Barding Armor
19:54 Bloodlines
19:58 Forging
24:40 Castle Age
24:40 Gold Mining
24:47 Light Cavalry
25:50 Chain Barding Armor
25:45 Bow Saw
26:53 Iron Casting
31:29 Husbandry
32:08 Wheelbarrow
34:52 Hand Cart
34:50 Heavy Plow
41:14 Imperial Age
40:13 Detinets
41:27 Cavalier
43:09 Two-Man Saw
42:41 Crop Rotation
42:43 Conscription
43:01 Plate Barding Armor
43:34 Blast Furnace
42:35 Hussar
44:43 Elite Boyar
46:35 Gold Shaft Mining
53:47 Caravan
55:51 Caravan
58:32 Fletching
El_Warnersito
9:14 Loom
11:04 Feudal Age
12:00 Double-Bit Axe
13:25 Fletching
17:29 Padded Archer Armor
18:12 Gold Mining
19:56 Forging
25:52 Wheelbarrow
29:08 Castle Age
27:15 Scale Mail Armor
26:58 Horse Collar
30:34 Chain Mail Armor
30:19 Bodkin Arrow
29:47 Crossbowman
30:45 Pikeman
31:53 Bow Saw
33:53 Thumb Ring
34:05 Leather Archer Armor
34:20 Squires
34:06 Gambesons
35:26 Chain Mail Armor
36:07 Hand Cart
36:58 Iron Casting
37:08 Heavy Plow
39:05 Stone Mining
39:51 Gold Shaft Mining
39:44 Town Watch
40:13 Elite Skirmisher
42:29 Bloodlines
42:20 Husbandry
46:22 Imperial Age
44:32 Treadmill Crane
45:13 Ballistics
44:28 Light Cavalry
45:43 Bimaristan
45:50 Caravan
46:18 Town Patrol
46:49 Scale Barding Armor
47:07 Arbalester
47:54 Bracer
48:36 Conscription
49:59 Elite Mameluke
52:10 Chemistry
54:32 Ring Archer Armor
55:56 Masonry
Connection lost

Rejoining the realm…

Still unreachable

The connection could not be restored.

Session expired

The server has moved on; the page needs a fresh start.